[Event "Haarlemse Meesters-IM 2018"]
[Site "Haarlem"]
[Date "2018.10.20"]
[Round "1"]
[White "Bosboom, Manuel"]
[Black "Vedder, Richard"]
[Result "1/2-1/2"]
[ECO "A38"]
[WhiteElo "2404"]
[BlackElo "2288"]
[Annotator "NA"]
[PlyCount "119"]
[EventDate "2018.10.17"]
[EventType "tourn"]
[EventCountry "NED"]
[SourceTitle "playchess.com"]
[Source "ChessBase"]
[SourceQuality "1"]
[TimeControl "40/5400+30:1800+30"]

1. Nf3 g6 2. c4 c5 3. Nc3 Nc6 4. Rb1 Nf6 5. g3 Bg7 6. Bg2 O-O 7. O-O e5 (7... d5 $15) 8. d3 d6 9. Bg5 h6 10. Bxf6 Bxf6 11. a3 a5 12. Ne1 Bg7 13. Nc2 {[%emt 0:00:58] A38: Symmetrical English vs ...g6: 4 Bg2 Bg7 5 Nf3 Nf6} a4 14. Ne3 {[%emt 0:04:40] LiveBook: 5 Games} Qa5 15. Ned5 Kh7 $146 ({Predecessor:} 15... Be6 16. Nb5 Bxd5 17. Bxd5 Qd8 18. Nc3 Qa5 19. h4 Kh8 20. e3 f5 {1-0 (76) Spraggett,K (2601)-Ramesh,R (2478) Benasque 2008}) 16. e3 Ra6 17. Qc2 Na7 18. Ne7 Nc6 19. Nxc8 Rxc8 20. Nd5 b5 21. f4 (21. cxb5 $16 Qxb5 22. b4 axb3 23. Rxb3) 21... exf4 22. Rxf4 bxc4 23. Rxf7 Ne5 24. Be4 Nxf7 25. Bxg6+ Kh8 26. Bxf7 Ra7 27. Be6 Re8 28. Bg4 cxd3 29. Qxd3 Re5 30. Nf4 c4 (30... Rxe3 $1 $11 31. Ng6+ (31. Qxe3 $2 {loses.} Bd4 $19) 31... Kh7 32. Nf8+ (32. Qxe3 $2 Bd4 $19) 32... Kg8 33. Qd5+ Kh8 34. Ng6+ Kh7) 31. Qxc4 Qc5 (31... Re8 $16) 32. Ng6+ Kh7 33. Nxe5 Qxe3+ 34. Kg2 Bxe5 35. Qe6 ({White should try} 35. b3 $18) 35... Kg7 36. Rf1 Qe4+ 37. Bf3 Qg6 38. Qc4 Qf7 $2 (38... Rf7 $16 {is more resistant.} 39. Be4 (39. Qxa4 Bxb2 40. Be4 Qe6 $18) 39... Qh5) 39. Bd5 Qg6 40. Be4 $2 (40. Qc8 $18 h5 41. Qf8+ Kh7 42. Rf5) 40... Qe8 41. Rf2 Rf7 42. Re2 Ra7 (42... Qd7 $16 43. Bd5 Rf8) 43. Bd5 Qd7 44. Rf2 Bf6 45. Be6 Qb7+ 46. Kh3 Ra5 47. Bf5 h5 48. Qe2 Qf7 49. Qe4 ({White should try} 49. Bc2 $16) 49... Qd5 $16 ({Black should play} 49... Bxb2 $14 50. Qc2 (50. Rxb2 Qxf5+ 51. Qxf5 Rxf5 $14) 50... Bf6) 50. Qc2 Qf7 51. Be4 Re5 52. Bf3 Qd7+ 53. Kg2 d5 54. Qd3 d4 55. Qa6 Re6 56. Qc4 h4 57. Kf1 Re3 58. gxh4 Qh3+ 59. Bg2 Qe6 60. Qxe6 1/2-1/2

[Event "Haarlemse Meesters-IM 2018"]
[Site "Haarlem"]
[Date "2018.10.20"]
[Round "1"]
[White "Lenaerts, Lennert"]
[Black "Van Kerkhof, David"]
[Result "0-1"]
[ECO "A58"]
[WhiteElo "2362"]
[BlackElo "2371"]
[Annotator "NA"]
[PlyCount "106"]
[EventDate "2018.10.17"]
[EventType "tourn"]
[EventCountry "NED"]
[SourceTitle "playchess.com"]
[Source "ChessBase"]
[SourceQuality "1"]
[TimeControl "40/5400+30:1800+30"]

1. d4 Nf6 2. c4 c5 3. d5 b5 4. cxb5 a6 5. bxa6 g6 {[%emt 0:00:00] LiveBook: 3531 Games} 6. Nc3 {[%emt 0:00:05] A58: Benko/Volga Gambit: Lines with 5 bxa6} Bg7 7. e4 (7. Nf3 O-O 8. g3 d6 9. Bg2 Nxa6 10. O-O Bf5 11. Nh4 Bd7 12. b3 Qb6 13. Bd2 Rfb8 14. Re1 Nc7 15. Qc2 Ra3 16. Qc1 Qa7 17. e4 Ng4 18. h3 {0-1 (38) Li,C (2732)-Shankland,S (2671) Liaocheng 2018}) 7... O-O 8. a7 Rxa7 9. Nf3 e6 10. Be2 exd5 11. exd5 d6 12. O-O Na6 13. Bf4 Nc7 14. Re1 $146 Re8 15. Bc4 Rxe1+ 16. Qxe1 Ba6 17. b3 Nh5 18. Bg5 Qa8 19. Rd1 Bxc4 20. bxc4 Ra3 21. Ne4 Qa6 $2 (21... Ne8 $1 $14) 22. Rb1 h6 23. Rb8+ Kh7 24. Bc1 Rxf3 25. gxf3 Qxc4 26. Nxd6 Qxd5 27. Qd2 Qxf3 28. Rb7 Ne6 29. Rxf7 Qg4+ 30. Kh1 Ng5 31. f3 Qh4 32. Rxg7+ Nxg7 33. Qe2 Nxf3 34. Qxf3 Qe1+ 35. Kg2 Qxc1 36. Qf8 Qc2+ 37. Kg1 Qb1+ ({Finger weg von} 37... Qxa2 38. Qf4 $19) (37... c4 $142 38. Ne8 Qb1+ 39. Qf1 Qxf1+ 40. Kxf1 Nxe8) 38. Kg2 Qxa2+ 39. Kg1 Qa1+ 40. Kg2 Qa2+ 41. Kg1 Qb1+ 42. Kg2 $19 (42. Qf1 Qb4 43. Qd1) 42... Qc2+ 43. Kg1 Qd1+ 44. Kg2 Qd5+ 45. Kg1 Qd4+ 46. Kg2 c4 47. Nf7 Qd5+ 48. Kf2 g5 49. Qh8+ Kg6 50. Nxh6 c3 51. Ng4 Qf5+ 52. Kg3 Qf4+ 53. Kh3 Qf3# 0-1

[Event "Haarlemse Meesters-IM 2018"]
[Site "Haarlem"]
[Date "2018.10.20"]
[Round "1"]
[White "Basman, Michael J"]
[Black "Gijswijt, Bart"]
[Result "0-1"]
[ECO "A00"]
[WhiteElo "2313"]
[BlackElo "2321"]
[Annotator "NA"]
[PlyCount "55"]
[EventDate "2018.10.17"]
[EventType "tourn"]
[EventCountry "NED"]
[SourceTitle "playchess.com"]
[Source "ChessBase"]
[SourceQuality "1"]
[TimeControl "40/5400+30:1800+30"]

1. g4 d5 2. h3 e5 3. Bg2 h5 4. c4 dxc4 ({Don't play} 4... hxg4 5. cxd5 Nf6 6. Nc3 $17) 5. gxh5 c6 6. Nc3 Nf6 7. b3 Nxh5 8. bxc4 Nf4 9. Bf1 Na6 10. d3 Bf5 11. Rb1 Nc5 12. Nf3 Qf6 13. Be3 Rd8 14. Na4 (14. Nd2 {might work better.}) 14... Ncxd3+ 15. exd3 Nxd3+ 16. Bxd3 Rxd3 17. Nd2 Qg6 18. Rb3 Bb4 19. Qe2 $2 (19. Ke2 $17 {is tougher.} Rxd2+ 20. Bxd2) 19... Rxb3 20. axb3 Bd3 21. Qf3 Be4 22. Qg3 Qxg3 23. fxg3 Bxh1 24. h4 b6 25. Ke2 Ke7 26. Nb2 Bxd2 27. Bxd2 Be4 28. Ke1 $19 0-1

[Event "Haarlemse Meesters-IM 2018"]
[Site "Haarlem"]
[Date "2018.10.21"]
[Round "2"]
[White "Van Kerkhof, David"]
[Black "Van Baar, Esper"]
[Result "1/2-1/2"]
[ECO "B90"]
[WhiteElo "2371"]
[BlackElo "2223"]
[Annotator "NA"]
[PlyCount "123"]
[EventDate "2018.10.17"]
[EventType "tourn"]
[EventCountry "NED"]
[SourceTitle "playchess.com"]
[Source "ChessBase"]
[SourceQuality "1"]
[TimeControl "40/5400+30:1800+30"]

1. e4 c5 2. Nf3 d6 3. d4 cxd4 4. Nxd4 Nf6 5. Nc3 a6 6. Be3 e5 7. Nf3 Be7 8. Bc4 O-O 9. O-O Qc7 10. Qe2 $146 {[%emt 0:03:32] B90: Sicilian Najdorf: Unusual White 6th moves, 6 Be3 Ng4 and 6 Be3 e5} (10. Bb3 Be6 11. Nh4 g6 12. Bh6 Re8 13. Qd2 Nbd7 14. Nf5 Bxb3 15. axb3 Nc5 16. Rae1 Ne6 17. Ne3 Rac8 18. h3 Bf8 19. Bxf8 Rxf8 {1-0 (46) Giri,A (2755)-Anand,V (2776) Moscow 2016}) 10... Be6 11. Bb3 Rc8 12. Rfd1 b5 13. Rac1 Nbd7 14. Bg5 {[%emt 0:06:47] LiveBook: 12 Games} h6 15. Bxf6 Nxf6 16. Nd5 Nxd5 17. Bxd5 Bxd5 18. Rxd5 Qc4 19. Qxc4 Rxc4 20. Nd2 Rc6 21. c3 Rb8 22. Rd1 g6 23. Kf1 h5 24. Ke2 Kg7 25. g3 h4 26. a3 hxg3 27. hxg3 a5 28. Nb3 Ra6 29. Kd3 Bd8 30. Kc2 Bc7 31. Ra1 Rc6 32. a4 bxa4 33. Nd2 Bb6 34. f3 Rh8 35. g4 Rh2 36. Rd3 f5 37. gxf5 gxf5 38. Rxa4 f4 39. Kb1 Rf2 40. Nc4 Bc7 41. Nxa5 Ra6 42. b4 Bb6 43. Rxd6 Rxf3 44. Kc2 Rf1 45. c4 f3 46. Ra3 $11 ({Don't blunder} 46. c5 $2 f2 $19) 46... f2 47. Rg3+ Kf7 48. Rf3+ Ke7 49. c5 Rxa5 50. bxa5 Bxc5 51. Rd1 Re1 52. Rd5 Bd4 53. Rxd4 exd4 54. Rxf2 Rxe4 55. Kd3 Re3+ 56. Kxd4 Ra3 57. Rf5 Ra4+ 58. Kc3 Kd6 59. Kb3 Ra1 60. Kb4 Kc6 61. Rf6+ Kb7 62. Kb5 1/2-1/2

[Event "Haarlemse Meesters-IM 2018"]
[Site "Haarlem"]
[Date "2018.10.21"]
[Round "2"]
[White "Gijswijt, Bart"]
[Black "Vedder, Richard"]
[Result "1-0"]
[ECO "D21"]
[WhiteElo "2321"]
[BlackElo "2288"]
[Annotator "RC"]
[PlyCount "45"]
[EventDate "2018.10.17"]
[EventType "tourn"]
[EventCountry "NED"]
[SourceTitle "playchess.com"]
[Source "ChessBase"]
[SourceQuality "1"]
[TimeControl "40/5400+30:1800+30"]

1. d4 d5 2. c4 dxc4 3. Nf3 a6 4. e4 b5 5. b3 Bb7 6. bxc4 Bxe4 7. Nc3 Bb7 8. cxb5 Nd7 9. bxa6 Bxa6 10. Bxa6 Rxa6 11. O-O Ngf6 12. Qd3 Qa8 13. Bf4 c6 14. Ne5 e6 15. Nxd7 Nxd7 16. d5 Nc5 17. Qd4 exd5 18. Qe5+ Ne6 19. Rab1 Kd7 20. Rb8 Qa7 21. Rfb1 Nd8 22. Rxd8+ Kxd8 23. Rb8+ 1-0

[Event "Haarlemse Meesters-IM 2018"]
[Site "Haarlem"]
[Date "2018.10.21"]
[Round "2"]
[White "Basman, Michael J"]
[Black "Lenaerts, Lennert"]
[Result "0-1"]
[ECO "A00"]
[WhiteElo "2313"]
[BlackElo "2362"]
[Annotator "NA"]
[PlyCount "69"]
[EventDate "2018.10.17"]
[EventType "tourn"]
[EventCountry "NED"]
[SourceTitle "playchess.com"]
[Source "ChessBase"]
[SourceQuality "1"]
[TimeControl "40/5400+30:1800+30"]

1. b4 c6 2. a3 a5 3. b5 d5 4. e3 e5 5. Bb2 Bd6 6. c4 Nf6 7. bxc6 bxc6 8. Nf3 Nbd7 9. Nc3 O-O 10. cxd5 cxd5 11. Nb5 Bb8 12. d4 e4 13. Ne5 {[%emt 0:00:08] [#]} Nxe5 $1 14. dxe5 Ng4 15. Be2 Nxe5 16. Bd4 Qg5 17. Kf1 Bg4 18. h4 Bxe2+ 19. Qxe2 Qf5 20. h5 h6 21. Rd1 Rc8 22. Ba1 Ng4 23. Kg1 Qg5 24. Rh3 Ra6 25. Nd4 Rf6 26. Rf1 {[%emt 0:01:16] [#]} Nxf2 $1 27. Qxf2 Rxf2 28. Kxf2 Be5 29. Kg1 Qg4 30. Bb2 a4 31. Ba1 f6 32. Kh1 Bxd4 33. Bxd4 Rc2 34. Rh2 Qe2 35. Kg1 $19 0-1

[Event "Haarlemse Meesters-IM 2018"]
[Site "Haarlem"]
[Date "2018.10.22"]
[Round "3"]
[White "Bosboom, Manuel"]
[Black "Harff, Marcel"]
[Result "1/2-1/2"]
[ECO "C00"]
[WhiteElo "2404"]
[BlackElo "2420"]
[Annotator "RC"]
[PlyCount "48"]
[EventDate "2018.10.17"]
[EventType "tourn"]
[EventCountry "NED"]
[SourceTitle "playchess.com"]
[Source "ChessBase"]
[SourceQuality "1"]
[TimeControl "40/5400+30:1800+30"]

1. Nf3 d5 2. g3 Nf6 3. Bg2 e6 4. O-O Be7 5. d3 c5 6. Nbd2 Nc6 7. e4 b6 8. Re1 Bb7 9. c3 Qc7 10. Qe2 h6 11. a3 a5 12. a4 Ba6 13. exd5 exd5 14. Nb1 O-O 15. Na3 Rfe8 16. Nb5 Qd7 17. Bf4 Bd6 18. Qd2 Bxf4 19. Qxf4 Bxb5 20. axb5 Ne7 21. Qa4 Ng6 22. d4 c4 23. h4 Rxe1+ 24. Rxe1 Re8 1/2-1/2

[Event "Haarlemse Meesters-IM 2018"]
[Site "Haarlem"]
[Date "2018.10.22"]
[Round "3"]
[White "Lenaerts, Lennert"]
[Black "Gijswijt, Bart"]
[Result "1/2-1/2"]
[ECO "E33"]
[WhiteElo "2362"]
[BlackElo "2321"]
[Annotator "NA"]
[PlyCount "102"]
[EventDate "2018.10.17"]
[EventType "tourn"]
[EventCountry "NED"]
[SourceTitle "playchess.com"]
[Source "ChessBase"]
[SourceQuality "1"]
[TimeControl "40/5400+30:1800+30"]

1. d4 Nf6 2. c4 e6 3. Nc3 Bb4 4. Qc2 Nc6 5. Nf3 d5 6. cxd5 exd5 7. Bg5 h6 8. Bxf6 {[%emt 0:00:25] LiveBook: 16 Games} Qxf6 9. a3 {[%emt 0:00:19] E33: Nimzo-Indian: Classical: 4...Nc6} (9. e3 Be6 10. a3 Bd6 11. Nb5 O-O 12. Be2 Rfc8 13. O-O Bf8 14. Rac1 a6 15. Nc3 Ne7 16. Na4 b6 {1-0 (35) Jojua,D (2507)-Fier,A (2599) Cappelle-la-Grande 2012}) 9... Bxc3+ 10. bxc3 Bf5 11. Qb3 O-O-O 12. e3 Be4 $146 ({Predecessor:} 12... h5 13. Bb5 {0-1 (30) Natal Gomes,M (1485)-Clontz,A (1567) FICGS email 2010}) 13. Nd2 Qg6 14. Nxe4 Qxe4 15. Qb1 Qxb1+ 16. Rxb1 Ne7 17. Bd3 Rd6 18. Kd2 Rb6 19. Rb4 Nc6 20. Rb5 Rxb5 21. Bxb5 Ne7 22. Bd3 Rd8 23. Rb1 Rd6 24. f3 Rb6 25. Rxb6 axb6 26. e4 c6 27. a4 Kc7 28. e5 Kd7 29. f4 f5 30. exf6 gxf6 31. g4 Kd6 32. h4 Nc8 33. Ke3 Ke7 34. g5 fxg5 35. fxg5 hxg5 36. hxg5 Ke6 37. Kf4 Ne7 38. Kg4 c5 39. Kh5 cxd4 40. cxd4 Nc6 41. Kh6 Nxd4 42. g6 Nc6 43. g7 Ne7 44. Kh7 Kd6 45. g8=Q Nxg8 46. Kxg8 Kc5 47. Kf7 Kb4 $11 48. Bb5 d4 49. Ke6 d3 50. Bxd3 Kxa4 51. Be4 Kb4 1/2-1/2

[Event "Haarlemse Meesters-IM 2018"]
[Site "Haarlem"]
[Date "2018.10.22"]
[Round "3"]
[White "Vedder, Richard"]
[Black "Daeschler, Florian"]
[Result "1-0"]
[ECO "D34"]
[WhiteElo "2288"]
[BlackElo "2254"]
[Annotator "NA"]
[PlyCount "133"]
[EventDate "2018.10.17"]
[EventType "tourn"]
[EventCountry "NED"]
[SourceTitle "playchess.com"]
[Source "ChessBase"]
[SourceQuality "1"]
[TimeControl "40/5400+30:1800+30"]

1. d4 d5 2. c4 e6 3. Nc3 c5 4. cxd5 exd5 5. Nf3 Nc6 6. g3 Nf6 7. Bg2 Be7 8. O-O O-O 9. dxc5 Bxc5 10. Bg5 d4 11. Bxf6 {[%emt 0:00:36] D34: Damengambit (Tarrasch-Verteidigung, Hauptvariante)} (11. Ne4 Be7 12. Bxf6 Bxf6 13. Nxf6+ Qxf6 14. b4 Rd8 15. b5 Ne5 16. Rc1 Bg4 17. Nxd4 Rxd4 18. Qxd4 Nf3+ 19. exf3 Qxd4 20. fxg4 Qb6 21. Rfd1 Qxb5 {½-½ (81) Aronian,L (2797)-Wang,Y (2720) Beijing 2014}) 11... Qxf6 12. Nd5 {[%emt 0:00:29] LiveBook: 492 Games} Qf5 13. Nf4 Bb6 14. Rc1 Qb5 15. b3 $146 ({Vorgänger:} 15. Nd3 Be6 16. a4 Qf5 17. b4 Rfd8 18. a5 Bc7 19. a6 Bc8 20. axb7 Bxb7 21. Nc5 Bc8 22. Nh4 Qf6 23. Nd3 Bb7 24. b5 {1-0 (24) Acciaioli,F-Woodhouse,S (1719) ICCF email 2015}) 15... Rd8 16. a4 Qa6 ({Better is} 16... Qf5 $14) 17. Qc2 d3 18. Nxd3 Bf5 19. Rfd1 Be4 (19... Rd6 $14) 20. Qc4 Qxc4 21. bxc4 Na5 22. c5 Bc7 23. Ng5 Bxg2 24. Kxg2 Rd4 25. Ra1 Rad8 26. Rdb1 Re8 27. Ra2 Bd8 28. Nf3 Rde4 29. e3 Bf6 30. Nd2 R4e7 31. Nf4 Rd7 32. Kf3 Be5 33. Rb5 Bc3 34. Ne4 a6 35. Nxc3 axb5 36. axb5 Nb3 37. c6 bxc6 38. bxc6 Rd6 39. Nfd5 Kf8 40. c7 Nc5 41. Rc2 Rc8 42. e4 Ne6 43. Nb5 Ra6 44. Ke3 Ra5 45. Nd6 Rxd5 46. Nxc8 Rd7 47. Nb6 Rxc7 48. Rxc7 Nxc7 49. f4 Ne6 50. f5 Nd8 $18 51. e5 Ke7 52. Ke4 Nc6 53. h4 h6 54. h5 Nd8 55. Kd5 Nb7 56. Nc8+ Kd7 57. Nd6 Nd8 58. Nxf7 Nxf7 59. e6+ Ke7 60. exf7 Kxf7 61. Ke5 Ke7 62. f6+ gxf6+ 63. Kf5 Kf7 64. g4 Ke7 65. Kg6 Ke6 66. Kxh6 f5 67. g5 1-0

[Event "Haarlemse Meesters-IM 2018"]
[Site "Haarlem"]
[Date "2018.10.22"]
[Round "3"]
[White "Van Baar, Esper"]
[Black "Basman, Michael J"]
[Result "0-1"]
[ECO "B00"]
[WhiteElo "2223"]
[BlackElo "2313"]
[Annotator "NA"]
[PlyCount "74"]
[EventDate "2018.10.17"]
[EventType "tourn"]
[EventCountry "NED"]
[SourceTitle "playchess.com"]
[Source "ChessBase"]
[SourceQuality "1"]
[TimeControl "40/5400+30:1800+30"]

1. e4 g5 2. d4 h6 3. h4 g4 {[%emt 0:00:00] B00: Queen's Fianchetto Defence, Nimzowitsch Defence} 4. Qxg4 d5 5. Qf4 dxe4 6. Nc3 Nf6 7. Be3 $146 ({Predecessor:} 7. Nxe4 Qxd4 8. Nxf6+ Qxf6 9. Qxf6 exf6 10. Bf4 c6 11. O-O-O {1-0 (48) Camacho,C (2248)-Valverde Lopez,M (2021) Remote email 2014}) 7... Rg8 8. Nxe4 Nd5 $1 9. Qe5 (9. Qf3 $16) 9... Rg6 10. Nc3 Nxc3 11. bxc3 Nc6 12. Qe4 Be6 13. h5 Rg4 14. Qf3 Qd7 15. Be2 Rg8 16. Bd3 O-O-O 17. Ne2 Bd5 18. Be4 Bxe4 19. Qxe4 f5 20. Qf4 (20. Qd3 $11) 20... e5 21. dxe5 Rg4 22. Qh2 Qd5 23. f3 Rg8 24. Bd4 Na5 25. Nf4 (25. Qh3 $16) 25... Qc4 26. Qh3 c5 27. Qxf5+ Kb8 28. e6 cxd4 29. Qxa5 Bd6 $19 30. e7 Rde8 31. Ng6 Bxe7 32. O-O-O Bc5 33. cxd4 Bb4 34. Ne5 Qc3 35. Nd7+ Kc8 36. Nb6+ axb6 37. Qa8+ Kc7 0-1

[Event "Haarlemse Meesters-IM 2018"]
[Site "Haarlem"]
[Date "2018.10.23"]
[Round "4"]
[White "Harff, Marcel"]
[Black "Vedder, Richard"]
[Result "0-1"]
[ECO "A30"]
[WhiteElo "2420"]
[BlackElo "2288"]
[Annotator "ChessBase"]
[PlyCount "54"]
[EventDate "2018.10.17"]
[EventType "tourn"]
[EventCountry "NED"]
[SourceTitle "playchess.com"]
[Source "ChessBase"]
[SourceQuality "1"]
[TimeControl "40/5400+30:1800+30"]

1. c4 c5 2. b3 Nf6 3. Bb2 e6 4. e3 b6 5. Nf3 Bb7 6. Nc3 Be7 7. d4 cxd4 8. Nxd4 O-O 9. a3 d6 10. Rg1 Nbd7 11. g4 Nc5 12. g5 Nfe4 13. Nxe4 Nxe4 14. Bg2 Qd7 15. h4 e5 16. Ne2 Nc5 17. b4 Bxg2 18. Rxg2 Qc6 19. Qd5 Qxd5 20. cxd5 Nd3+ 21. Kd2 Nxb2 22. Nc3 Rfc8 23. Ra2 Nc4+ 24. Kd3 a6 25. a4 Rc7 26. Rg4 Rac8 27. Rc2 Nb2+ {[%emt 0:00:00] Kd4 [%emt 00:00:03]} 0-1

[Event "Haarlemse Meesters-IM 2018"]
[Site "Haarlem"]
[Date "2018.10.23"]
[Round "4"]
[White "Van Kerkhof, David"]
[Black "Bosboom, Manuel"]
[Result "1/2-1/2"]
[ECO "B21"]
[WhiteElo "2371"]
[BlackElo "2404"]
[Annotator "ChessBase"]
[PlyCount "60"]
[EventDate "2018.10.17"]
[EventType "tourn"]
[EventCountry "NED"]
[SourceTitle "playchess.com"]
[Source "ChessBase"]
[SourceQuality "1"]
[TimeControl "40/5400+30:1800+30"]

1. e4 c5 2. d4 cxd4 3. c3 d3 4. Bxd3 d6 5. c4 Nf6 6. h3 Nbd7 7. Nc3 e6 8. Be3 a6 9. Nf3 Be7 10. O-O h6 11. Nd4 g5 12. Rc1 Ne5 13. Be2 Bd7 14. Nf3 Ng6 15. Qb3 g4 16. hxg4 Nxg4 17. Bb6 Qb8 18. Nd4 h5 19. g3 Nf6 20. Rfe1 h4 21. Nd5 exd5 22. cxd5 hxg3 23. Bc7 gxf2+ 24. Kxf2 Nxe4+ 25. Kg1 Nf4 26. Bf3 Nh3+ 27. Kg2 Nf4+ 28. Kg1 Rg8+ 29. Kh2 Rh8+ 30. Kg1 Rg8+ 1/2-1/2

[Event "Haarlemse Meesters-IM 2018"]
[Site "Haarlem"]
[Date "2018.10.23"]
[Round "4"]
[White "Lenaerts, Lennert"]
[Black "Van Baar, Esper"]
[Result "1/2-1/2"]
[ECO "E36"]
[WhiteElo "2362"]
[BlackElo "2223"]
[Annotator "NA"]
[PlyCount "138"]
[EventDate "2018.10.17"]
[EventType "tourn"]
[EventCountry "NED"]
[SourceTitle "playchess.com"]
[Source "ChessBase"]
[SourceQuality "1"]
[TimeControl "40/5400+30:1800+30"]

1. d4 Nf6 2. c4 e6 3. Nc3 Bb4 4. Qc2 O-O 5. a3 Bxc3+ 6. Qxc3 d5 {[%emt 0:00:17] LiveBook: 769 Games} 7. Nf3 dxc4 8. Qxc4 b6 9. Bg5 Ba6 10. Qa4 Qd7 11. Qxd7 Nbxd7 12. Bxf6 gxf6 13. e3 Bb7 14. Rc1 Rfc8 15. Bb5 c6 16. Be2 c5 17. O-O cxd4 18. Nxd4 Nc5 19. b4 Ne4 20. Bf3 f5 21. Ne2 a5 22. Rxc8+ Rxc8 23. Bxe4 Bxe4 24. Rc1 Rxc1+ 25. Nxc1 axb4 26. axb4 Kf8 27. Ne2 Ke7 28. Nc3 Kd6 29. f3 Bd3 30. Kf2 b5 31. Kg3 Ke5 32. f4+ Kf6 33. Kh4 Kg6 34. Kg3 Kf6 35. Kf3 Ke7 36. e4 fxe4+ 37. Nxe4 f5 38. Nc5 Bf1 39. Kf2 Bc4 40. Ke3 Kd6 41. Kd4 Bd5 42. g3 Bf3 43. Nd3 h5 44. Ne5 Bd1 45. Nf7+ Ke7 46. Ng5 Kd6 47. Nh7 Be2 48. Nf6 Bd1 49. Ne8+ Kd7 50. Ng7 Kd6 51. h4 Be2 52. Ne8+ Kd7 53. Nf6+ Kd6 54. Nh7 Bd1 55. Nf8 Be2 56. Ng6 Bf3 57. Ne5 Bg2 58. Nd3 Bf3 59. Nc5 Bg2 60. Nd3 Bf3 61. Nc1 $11 Bg2 62. Ne2 Bf3 63. Nc3 Bc6 64. Kd3 Bd7 65. Ke3 Bc6 66. Kd4 Be8 67. Ne2 Bc6 68. Nc1 Bg2 69. Nd3 Bf3 {[%emt 0:00:29] Ke4 [%emt 00:02:24] Ke5+} 1/2-1/2

[Event "Haarlemse Meesters-IM 2018"]
[Site "Haarlem"]
[Date "2018.10.23"]
[Round "4"]
[White "Gijswijt, Bart"]
[Black "Daeschler, Florian"]
[Result "1-0"]
[ECO "D37"]
[WhiteElo "2321"]
[BlackElo "2254"]
[Annotator "NA"]
[PlyCount "61"]
[EventDate "2018.10.17"]
[EventType "tourn"]
[EventCountry "NED"]
[SourceTitle "playchess.com"]
[Source "ChessBase"]
[SourceQuality "1"]
[TimeControl "40/5400+30:1800+30"]

1. d4 d5 2. c4 e6 3. Nf3 Nf6 4. Nc3 Be7 5. Bf4 {[%emt 0:00:45] LiveBook: 6666 Games} O-O 6. e3 b6 7. cxd5 Nxd5 8. Nxd5 Qxd5 9. a3 Ba6 10. Bxa6 (10. Be2 ) 10... Nxa6 11. Qa4 Qa5+ 12. Qxa5 bxa5 13. Ne5 Bd6 (13... c5 $14) 14. Nc6 Bxf4 15. exf4 f6 16. Rc1 Kf7 (16... a4 {keeps fighting.} 17. O-O Nb8) 17. Kd2 Ke8 18. Rc4 Kd7 19. Rhc1 Rg8 20. h4 h6 21. g3 $18 g5 22. hxg5 hxg5 23. Rh1 Kd6 24. Nxa5 Rab8 25. Rc6+ Kd5 26. Rxa6 Rxb2+ 27. Ke3 gxf4+ 28. gxf4 Rc2 29. Kd3 Rxf2 30. Nc4 c6 31. Ra5+ 1-0

[Event "Haarlemse Meesters-IM 2018"]
[Site "Haarlem"]
[Date "2018.10.24"]
[Round "5"]
[White "Riemersma, Li"]
[Black "Lenaerts, Lennert"]
[Result "1/2-1/2"]
[ECO "D10"]
[WhiteElo "2460"]
[BlackElo "2362"]
[Annotator "RC"]
[PlyCount "67"]
[EventDate "2018.10.17"]
[EventType "tourn"]
[EventCountry "NED"]
[SourceTitle "playchess.com"]
[Source "ChessBase"]
[SourceQuality "1"]
[TimeControl "40/5400+30:1800+30"]

1. d4 d5 2. c4 c6 3. Nc3 dxc4 4. e3 b5 5. a4 b4 6. Ne4 Qd5 7. Nd2 Ba6 8. Qc2 c3 9. bxc3 bxc3 10. Qxc3 Bxf1 11. Kxf1 Nf6 12. Ba3 Nbd7 13. Ngf3 Rc8 14. Rc1 g5 15. h3 h5 16. Qc4 Bh6 17. Qxd5 Nxd5 18. g4 f6 19. Ke2 Bf8 20. Rhg1 hxg4 21. hxg4 e6 22. Bxf8 Kxf8 23. Rc2 Ke7 24. Rgc1 Nb4 25. Rc4 Rb8 26. a5 Rb5 27. e4 Rhb8 28. Ra1 c5 29. dxc5 Rxc5 30. Rb1 Rxc4 31. Nxc4 Nc6 32. Rxb8 Ndxb8 33. e5 Nd7 34. exf6+ 1/2-1/2

[Event "Haarlemse Meesters-IM 2018"]
[Site "Haarlem"]
[Date "2018.10.24"]
[Round "5"]
[White "Bosboom, Manuel"]
[Black "Basman, Michael J"]
[Result "1-0"]
[ECO "A10"]
[WhiteElo "2404"]
[BlackElo "2313"]
[Annotator "ChessBase"]
[PlyCount "47"]
[EventDate "2018.10.17"]
[EventType "tourn"]
[EventCountry "NED"]
[SourceTitle "playchess.com"]
[Source "ChessBase"]
[SourceQuality "1"]
[TimeControl "40/5400+30:1800+30"]

1. c4 g5 2. h4 g4 3. g3 Bg7 4. Bg2 c5 5. e3 d6 6. Ne2 Nc6 7. d4 Bd7 8. Nbc3 Nf6 9. O-O O-O 10. Nd5 Nh5 11. Re1 Rc8 12. b3 e6 13. Nef4 Nxf4 14. Nxf4 cxd4 15. exd4 Bxd4 16. Bxc6 Bxa1 17. Bxb7 Rb8 18. Nh5 Qa5 19. Bg5 Bc3 20. b4 Qxb4 21. Nf6+ Kh8 22. Qd3 Bxf6 23. Bxf6+ Kg8 24. Qe3 1-0

[Event "Haarlemse Meesters-IM 2018"]
[Site "Haarlem"]
[Date "2018.10.24"]
[Round "5"]
[White "Vedder, Richard"]
[Black "Van Kerkhof, David"]
[Result "1/2-1/2"]
[ECO "A57"]
[WhiteElo "2288"]
[BlackElo "2371"]
[Annotator "NA"]
[PlyCount "123"]
[EventDate "2018.10.17"]
[EventType "tourn"]
[EventCountry "NED"]
[SourceTitle "playchess.com"]
[Source "ChessBase"]
[SourceQuality "1"]
[TimeControl "40/5400+30:1800+30"]

1. d4 Nf6 2. c4 c5 3. d5 b5 4. cxb5 a6 5. bxa6 g6 6. Nc3 Bg7 7. Nf3 O-O 8. e4 Qa5 9. Nd2 Bxa6 10. Be2 d6 11. O-O Nfd7 12. Bxa6 Nxa6 13. Nc4 {[%emt 0:09:06] A57: Benko/Volga Gambit} Qb4 14. Qe2 Ne5 {[%emt 0:02:31] LiveBook: 3 Games} 15. Nxe5 Bxe5 16. Nd1 {[%emt 0:02:43] [#]} f5 $146 ({Predecessor:} 16... Nc7 17. Bd2 Qb5 18. Qf3 Bxh2+ 19. Kxh2 Qxf1 20. Rc1 Qb5 {0-1 (31) Lorscheid,G (2258)-Meskovs,N (2518) Cappelle-la-Grande 2016}) 17. exf5 $1 Rxf5 18. Ne3 Rh5 19. h3 Nc7 20. Rd1 Ra4 21. Qg4 Qxg4 22. hxg4 Rg5 23. Nf5 Rxf5 24. gxf5 gxf5 25. Rd3 c4 26. Rf3 Nxd5 27. Rxf5 Kg7 28. Rxe5 dxe5 29. Bd2 Kf6 30. a3 Kf5 31. Rc1 e4 32. Bb4 Nf4 33. Rxc4 Nd3 34. g4+ Kxg4 35. b3 Ra6 36. Rxe4+ Kf5 37. Rxe7 Nxb4 38. axb4 h6 39. Rc7 Ke4 40. Kg2 Rg6+ 41. Kf1 Rb6 {[%emt 0:31:08] [#]} 42. Rc4+ $1 Kf3 43. Rc3+ Kf4 44. Ke2 Rxb4 $11 45. Rh3 Kg4 46. Rg3+ Kf4 47. Kd2 h5 48. Kc3 Rb8 49. b4 h4 50. Rd3 Rh8 51. Rh3 Kg4 52. Rh1 h3 53. Kc4 h2 54. Kc5 Kf3 55. b5 Kxf2 56. b6 Kg2 57. Rxh2+ Kxh2 58. b7 Kg3 59. Kc6 Kf4 60. Kc7 Ke5 61. b8=Q Rxb8 62. Kxb8 1/2-1/2